 Dungeon Crawl Stone Soup version 0.26.0-16-gc1dbca0489 (webtiles) character file.

Game seed: 15078737211875688306

17971 littlecub the Fighter (level 12, -4/100 HPs)
             Began as a Demonspawn Fighter on Jan 20, 2021.
             Was the Champion of Okawaru.
             Killed from afar by a centaur (10 damage)
             ... with an iceblast
             ... on level 11 of the Dungeon.
             The game lasted 00:38:12 (17985 turns).

littlecub the Fighter (Demonspawn Fighter)         Turns: 17985, Time: 00:38:13

Health: -4/100     AC: 10    Str: 28    XL:     12   Next: 23%
Magic:  0/17       EV: 11    Int: 14    God:    Okawaru [******]
Gold:   585        SH: 12    Dex: 18    Spells: 11/11 levels left

rFire    . . .     SeeInvis .   F - +1 eveningstar (vorpal)
rCold    + . .     Faith    .   c - +0 kite shield
rNeg     . . .     Spirit   +   K - +2 ring mail {rC+}
rPois    .         Reflect  .   J - +1 helmet
rElec    .         Harm     .   o - +1 cloak
rCorr    .         Rampage  .   (no gloves)
Will     .....                  r - +0 pair of boots
Stlth    +.........             I - amulet of guardian spirit
HPRegen  0.26/turn              C - +6 ring of dexterity
MPRegen  0.15/turn              u - +6 ring of strength

@: marked, corroded
A: claws 2, demonic guardian 1, big brain 2
a: Renounce Religion, Heroism, Finesse


You were on level 11 of the Dungeon.
You worshipped Okawaru.
Okawaru was exalted by your worship.
You visited 3 branches of the dungeon, and saw 14 of its levels.
You visited the Abyss 1 time.
You also visited: Sewer.

You collected 585 gold pieces.

Inventory:

Hand Weapons
 F - a +1 vorpal eveningstar (weapon)
Missiles
 a - 6 boomerangs
 i - 11 javelins (quivered)
Armour
 c - a +0 kite shield (worn)
 o - a +1 cloak (worn)
 r - a +0 pair of boots (worn)
 y - a +0 plate armour
 J - a +1 helmet (worn)
 K - a +2 ring mail of cold resistance (worn)
Jewellery
 q - an uncursed ring of flight
 u - a +6 ring of strength (right claw)
 C - a +6 ring of dexterity (left claw)
 G - a +4 ring of protection
 I - an amulet of guardian spirit (around neck)
Wands
 g - a wand of random effects (23)
 t - a wand of paralysis (16)
 z - a wand of flame (15)
 A - a wand of polymorph (18)
 E - a wand of iceblast (2)
Scrolls
 d - 6 scrolls of teleportation
 e - 9 scrolls of remove curse
 h - 4 scrolls of amnesia
 k - 2 scrolls of enchant armour
 s - 2 scrolls of enchant weapon
 x - 3 scrolls of fog
 B - a scroll of immolation {unknown}
Potions
 b - 2 potions of degeneration {unknown}
 f - 2 potions of ambrosia {unknown}
 l - 2 potions of magic
 m - 3 potions of might
 n - 2 potions of berserk rage
 p - 5 potions of flight {unknown}
 v - 2 potions of invisibility {unknown}
 w - 3 potions of resistance {unknown}
 D - 2 potions of mutation {unknown}
 H - a potion of haste {unknown}
 L - a potion of attraction {unknown}


   Skills:
 * Level 11.5 Fighting
 * Level 10.4 Maces & Flails
 + Level 7.7 Armour
 + Level 2.9 Dodging
 + Level 7.8 Shields
 + Level 6.9 Invocations


You had 11 spell levels left.
You didn't know any spells.
Your spell library contained the following spells:

 Spells                   Type           Power        Failure   Level
 Animate Skeleton         Necr           0%           71%         1
 Apportation              Tloc           0%           71%         1
 Beastly Appendage        Tmut           0%           71%         1
 Corona                   Hex            0%           71%         1
 Summon Small Mammal      Summ           0%           71%         1
 Corpse Rot               Necr/Air       N/A          83%         2
 Ensorcelled Hibernation  Hex/Ice        0%           83%         2
 Passwall                 Tmut/Erth      0%           83%         2
 Confusing Touch          Hex            0%           97%         3
 Dazzling Flash           Conj/Hex       0%           97%         3
 Lesser Beckoning         Tloc           0%           97%         3
 Stone Arrow              Conj/Erth      0%           97%         3
 Tukima's Dance           Hex            0%           97%         3
 Alistair's Intoxication  Tmut/Pois      0%           100%        5
 Irradiate                Conj/Tmut      0%           100%        5
 Summon Forest            Summ/Tloc      0%           100%        5
 Eringya's Noxious Bog    Tmut/Pois      0%           100%        6
 Hydra Form               Tmut           0%           100%        6
 Invisibility             Hex            0%           100%        6
 Statue Form              Tmut/Erth      0%           100%        6
 Summon Hydra             Summ           0%           100%        7


Dungeon Overview and Level Annotations

Branches:
Dungeon (12/15)            Temple (1/1) D:6             Orc (1/2) D:10
  Sewer (visited)
   Lair: D:8-11

Altars:
Ashenzari
Cheibriados
Dithmenos
Elyvilon
Fedhas
Gozag
Hepliaklqana
Kikubaaqudgha
Makhleb
Nemelex Xobeh
Okawaru
Qazlal
Ru
Sif Muna
Trog
Uskayaw
Vehumet
Wu Jian
Xom
Yredelemnul
Zin
The Shining One

Shops:
D:4 :   D:7 [   D:12 :

Annotations:
D:11 Snorg


Innate Abilities, Weirdness & Mutations

You have very sharp fingernails.
A weak demonic guardian rushes to your aid.
You have an extremely huge brain. (Int +4)


Message History

The troll closely misses you. The troll claws you but does no damage.
The troll claws you. You block the bullfrog's attack.
You climb upwards.
Your summoned ally is left behind.
Level annotation: Snorg You feel sick.
There is a stone staircase leading down here.
You sock the bullfrog!
You kill the bullfrog!
Okawaru accepts your kill.
You feel sick. The troll bites you!
* * * LOW HITPOINT WARNING * * *
The troll barely misses you. The troll claws you but does no damage.
You feel better. You block the troll's attack. x2
The troll barely misses you.
The centaur zaps a wand.
The mass of ice explodes!
The iceblast engulfs you. You partially resist.
* * * LOW HITPOINT WARNING * * *
The centaur zaps a wand.
The mass of ice explodes!
The iceblast engulfs you! You partially resist.
You die...

#..........# #.#
#.#........# #.#
..#........# #.#
#########.## #.# # #.#
#.# # #.# #c# ########.#
#.#
##......#)#######.######
.........))(...T@......#
##......(########.####.#
########(### ### #.#
#......))..# #.#
#....≈..)..# #.#
#..........# #.#
#..........# #.#
#..........# #######)#
#..........# #....##)#


You could see a troll and a centaur.

Vanquished Creatures
  Azrael (D:12)
  A boulder beetle (D:12)
  2 hydras
  A two-headed ogre (D:8)
  A queen ant (D:12)
  A sixfirhy (Abyss:3)
  An unseen horror (D:11)
  A wizard (D:10)
  An ugly thing (D:12)
  A cyclops (D:11)
  A manticore (D:10)
  2 centaur zombies
  An efreet (D:11)
  2 trolls
  5 large abominations (D:10)
  A wraith (D:9)
  6 yaks (D:12)
  A wyvern (D:6)
  A shadow (D:11)
  A vampire (D:11)
  Grum (D:10)
  2 fire elementals (D:12)
  A steam dragon (D:8)
  4 soldier ants (D:12)
  An acid dragon (D:11)
  2 hell hounds (D:12)
  4 orc warriors
  Purgy (Sewer)
  2 sky beasts (D:10)
  2 ice beasts
  2 hornet zombies (D:8)
  A necrophage (D:7)
  An eye of draining (D:8)
  4 ogres
  6 wolves
  5 centaurs
  A big kobold (D:11)
  6 bullfrogs
  An elf zombie (D:7)
  2 gnoll sergeants
  A wyvern zombie (D:10)
  An elf skeleton (D:7)
  4 scorpions
  7 small abominations (D:10)
  A water moccasin skeleton (D:6)
  A troll zombie (D:7)
  5 wights
  7 killer bees
  7 howler monkeys
  A lava snake (D:8)
  A bullfrog zombie (D:10)
  9 hounds
  2 bullfrog skeletons
  4 orc priests
  3 human zombies (D:7)
  6 jellies
  Crazy Yiuf (D:2)
  A gnoll shaman (D:7)
  2 human skeletons (D:7)
  An iguana (D:10)
  Terence (D:2)
  13 orc wizards
  10 worker ants
  A killer bee zombie (D:6)
  3 hound zombies
  A mummy (D:7)
  16 adders
  15 gnolls
  A howler monkey skeleton (D:9)
  A shadow imp (D:6)
  3 white imps
  2 ufetubi (D:7)
  An ooze (D:3)
  An adder skeleton (D:6)
  6 worms
  2 dart slugs
  8 leopard geckos
  44 orcs
  4 giant cockroaches
  5 goblins
  6 hobgoblins
  10 kobolds
  5 quokkas
  2 ball pythons
  8 bats
  8 frilled lizards
  A jackal skeleton (D:6)
  A jackal zombie (D:8)
  A quokka skeleton (D:5)
  A quokka zombie (D:7)
  10 rats
337 creatures vanquished.

Vanquished Creatures (collateral kills)
  A large abomination (Abyss:3)
  An orc warrior (D:9)
  A necrophage (D:7)
  2 ogres (D:4)
  A centaur (D:7)
  A bullfrog (D:6)
  A killer bee (D:9)
  A wight (D:10)
  A lava snake (D:8)
  An iguana (D:8)
  A howler monkey zombie (D:8)
  An adder (D:8)
  A leopard gecko (D:7)
  8 orcs
  A kobold (D:11)
23 creatures vanquished.

Vanquished Creatures (others)
  An orc (D:8)
1 creature vanquished.

Grand Total: 361 creatures vanquished

Notes
Turn   | Place    | Note
-------+----------+-------------------------------------------
     0 | D:1      | littlecub the Demonspawn Fighter began the quest for the
                  | Orb.
     0 | D:1      | Reached XP level 1. HP: 18/18 MP: 1/1
   241 | D:1      | Gained mutation: You have sharp fingernails. [demonic
                  | ancestry]
   241 | D:1      | Reached XP level 2. HP: 24/24 MP: 2/2
  1047 | D:2      | Reached XP level 3. HP: 18/29 MP: 3/3
  1066 | D:2      | Reached XP level 4. HP: 22/37 MP: 4/4
  1077 | D:2      | Noticed Terence
  1092 | D:2      | Killed Terence
  1211 | D:2      | Found a broken altar of Ashenzari.
  1401 | D:2      | Reached skill level 4 in Fighting
  1789 | D:2      | Found a runed translucent door.
  1790 | D:2      | Noticed Crazy Yiuf
  1799 | D:2      | Killed Crazy Yiuf
  1800 | D:2      | Gained mutation: You have very sharp fingernails. [demonic
                  | ancestry]
  1800 | D:2      | Reached XP level 5. HP: 38/42 MP: 5/5
  2247 | D:3      | Found a glowing drain.
  2251 | Sewer    | Entered a sewer
  2327 | Sewer    | Noticed Purgy
  2335 | Sewer    | Killed Purgy
  2336 | Sewer    | Gained mutation: A weak demonic guardian rushes to your
                  | aid. [demonic ancestry]
  2336 | Sewer    | Reached XP level 6. HP: 49/49 MP: 6/6
  3678 | D:4      | Reached skill level 5 in Fighting
  3922 | D:4      | Found Xaiki's Book Shop.
  3948 | D:4      | Reached XP level 7. HP: 43/56 MP: 7/7
  4047 | D:4      | You fall into a shaft and drop 1 floor!
  4047 | D:5      | Entered Level 5 of the Dungeon
  4494 | D:5      | You fall into a shaft and drop 2 floors!
  4827 | D:6      | Found a staircase to the Ecumenical Temple.
  4835 | Temple   | Entered the Ecumenical Temple
  4891 | Temple   | Became a worshipper of Warmaster Okawaru
  4990 | D:6      | Found a white marble altar of Elyvilon.
  5020 | D:6      | Reached skill level 5 in Maces & Flails
  5028 | D:6      | Reached skill level 6 in Fighting
  5114 | D:6      | Noticed a wyvern
  5121 | D:6      | Killed a wyvern
  5121 | D:6      | Reached * piety under Okawaru
  5122 | D:6      | Reached XP level 8. HP: 46/64 MP: 8/8
  6581 | D:6      | Found a shadowy altar of Dithmenos.
  6587 | D:6      | Reached skill level 7 in Fighting
  7097 | D:7      | Found Cahirghino's Armour Emporium.
  7130 | D:7      | Reached skill level 5 in Shields
  7134 | D:7      | Reached ** piety under Okawaru
  7135 | D:7      | Reached skill level 5 in Armour
  7445 | D:7      | Reached XP level 9. HP: 69/72 MP: 9/9
  7767 | D:7      | Found a basalt altar of Yredelemnul.
  8052 | D:8      | Noticed a two-headed ogre
  8068 | D:7      | Reached *** piety under Okawaru
  8073 | D:7      | Reached skill level 8 in Fighting
  8376 | D:8      | Found a stormy altar of Qazlal.
  8418 | D:8      | Killed a two-headed ogre
  8418 | D:8      | Reached **** piety under Okawaru
  8419 | D:8      | Reached skill level 9 in Fighting
  8419 | D:8      | Gained mutation: You have an unusually large brain. (Int
                  | +2) [demonic ancestry]
  8419 | D:8      | Reached XP level 10. HP: 68/83 MP: 5/10
  8705 | D:8      | Noticed a deep elf knight
  9063 | D:9      | Received a gift from Okawaru
  9064 | D:9      | Reached skill level 1 in Invocations
 10345 | D:10     | Entered Level 10 of the Dungeon
 10804 | D:10     | Noticed a manticore
 10812 | D:10     | Killed a manticore
 10921 | D:10     | Noticed a wizard
 10931 | D:10     | Cast into level 3 of the Abyss (a wizard)
 10944 | Abyss:3  | Noticed a sixfirhy
 10954 | Abyss:3  | Killed a sixfirhy
 11006 | Abyss:3  | Noticed a large abomination
 11042 | D:10     | Escaped the Abyss
 11050 | D:10     | Found a staircase to the Orcish Mines.
 11333 | D:10     | Noticed Grum
 11341 | D:10     | Reached skill level 10 in Fighting
 11352 | D:10     | Killed Grum
 11352 | D:10     | Reached ***** piety under Okawaru
 11586 | D:10     | Killed a wizard
 11755 | D:10     | Reached XP level 11. HP: 37/91 MP: 14/14
 12795 | D:11     | Noticed a four-headed hydra
 12805 | D:11     | Killed a four-headed hydra
 12980 | D:11     | Reached skill level 5 in Invocations
 13342 | D:11     | Reached ****** piety under Okawaru
 13365 | D:11     | Reached skill level 1 in Dodging
 14314 | D:11     | Killed an unseen horror
 14314 | D:11     | Received a gift from Okawaru
 14642 | D:11     | Noticed Snorg
 14642 | D:11     | Noticed a two-headed ogre
 15102 | Orc:1    | Entered Level 1 of the Orcish Mines
 15832 | Orc:1    | Noticed a deep elf mage
 15832 | Orc:1    | Noticed a deep elf mage
 15832 | Orc:1    | Noticed a deep elf mage
 15832 | Orc:1    | Noticed a deep elf mage
 15832 | Orc:1    | Noticed a deep elf mage
 15832 | Orc:1    | Noticed a deep elf mage
 15832 | Orc:1    | Noticed a deep elf mage
 15939 | D:12     | Noticed a cyan ugly thing
 15950 | D:12     | Killed a cyan ugly thing
 15951 | D:12     | Reached skill level 11 in Fighting
 16083 | D:12     | Reached skill level 10 in Maces & Flails
 16367 | D:12     | Identified the Handbook of Transmigration
 16370 | D:12     | Noticed Azrael
 16618 | D:12     | Noticed an eight-headed hydra
 16625 | D:12     | Killed an eight-headed hydra
 16942 | D:12     | Noticed a boulder beetle
 16968 | D:12     | Killed a boulder beetle
 16969 | D:12     | Gained mutation: You have an extremely huge brain. (Int +4)
                  | [demonic ancestry]
 16969 | D:12     | Reached XP level 12. HP: 34/100 MP: 8/16
 17304 | D:12     | Found Atzut's Book Emporium.
 17583 | D:12     | Killed Azrael
 17583 | D:12     | Received a gift from Okawaru
 17957 | D:12     | Noticed a queen ant
 17961 | D:12     | Noticed an entropy weaver
 17966 | D:12     | Killed a queen ant
 17983 | D:11     | HP: 2/100 [troll (11)]
 17985 | D:11     | Killed from afar by a centaur

Illustrated notes

Levels and vault maps discovered:
D:1:      dpeg_arrival_rhombus, layout_basic
D:2:      layout_loops_ring, evilmike_ruin_ashenzari, uniq_crazy_yiuf_cottage,
          uniq_terence
D:3:      layout_loops_corners, gup_sewer_entry_spiral, nrook_mini_vaults,
          minivault_11, kennysheep_generic_room_12
D:4:      layout_loops_ring, serial_shops, nicolae_shop_trees
D:5:      layout_layer_cave
D:6:      layout_basic, elyvilon_altar_1,
          nicolae_dithmenos_through_a_glass_darkly,
          minmay_temple_entry_sparse_star, grunt_tough_drop
D:7:      layout_loops_ring, serial_shops, shop,
          lemuel_mausoleum_altar_yredelemnul
D:8:      layout_cave_pools, kennysheep_mini_moat, special_room
          [special_room_orc], minmay_misc_feat_plants, minmay_misc_feat_pillars,
          kennysheep_island_fort
D:9:      layout_roguey, erik_lair_island, serial_park_tiny_1
D:10:     layout_basic, orc_0_dummy, laboratory, uniq_grum
D:11:     layout_basic, uniq_snorg
D:12:     layout_loops_corners, serial_shops, nicolae_shop_behind_doors,
          zaba_antful_of_joy, uniq_azrael
Temple:   compressed_dpeg_circular_temple
Orc:1:    layout_caves, elves_outpost_lemuel

Skill      XL: |  1  2  3  4  5  6  7  8  9 10 11 |
---------------+----------------------------------+-----
Maces & Flails | 2 3 4 5 6 7 9 10 | 10.4
Armour         | 3 4 5 6 7 |  7.7
Shields        | 3 4 5 6 7 |  7.8
Fighting       | 4 5 6 7 9 10 11 | 11.5
Invocations    | 4 6 |  6.9
Dodging        | 2 |  2.9

Action                   |  1- 3 |  4- 6 |  7- 9 | 10-12 || total
-------------------------+-------+-------+-------+-------++-------
Melee: Flail             |    63 |   275 |   268 |       ||   606
       Morningstar       |       |       |   155 |   419 ||   574
       Eveningstar       |       |       |       |   206 ||   206
Throw: Javelin           |       |     4 |       |       ||     4
Evoke: Wand              |       |       |     1 |    11 ||    12
  Use: Potion            |       |     3 |       |    11 ||    14
       Scroll            |       |     5 |     3 |     7 ||    15
 Stab: Paralysed         |       |       |     7 |       ||     7
       Distracted        |       |       |     1 |     8 ||     9
Armor: Scale mail        |    41 |   123 |     5 |       ||   169
       Plate armour      |       |       |   223 |   415 ||   638
       Ring mail         |       |       |       |    14 ||    14
Dodge: Dodged            |     9 |    85 |    80 |   138 ||   312
Block: Kite shield       |    29 |   159 |   256 |   456 ||   900
